 Dungeon Crawl Stone Soup version 0.27.0-65-ge2af304b15 (webtiles) character file.

Game seed: 10206094067035056185

386452 sefie the Wrestler (level 21, -2/236 HPs)
             Began as a Demigod Transmuter on Aug 16, 2021.
             Killed from afar by an acid blob (4 damage)
             ... with a splash of acid
             ... on level 3 of the Pits of Slime on Aug 19, 2021.
             The game lasted 06:25:30 (77310 turns).

sefie the Wrestler (Demigod Transmuter)            Turns: 77310, Time: 06:25:31

Health: -2/236     AC: 24    Str: 19    XL:     21   Next: 9%
Magic:  34/35      EV: 23    Int: 31    God:
Gold:   4590       SH: 15    Dex: 24    Spells: 5/32 levels left

rFire    + . .     SeeInvis .     - Unarmed
rCold    + . .     Faith    .   V - +2 kite shield {rPois}
rNeg     + + .     Spirit   .   (armour currently unavailable)
rPois    ∞         Reflect  .   j - -2 hat of the Alchemist {rElec rPois rF+ rC+ rN+ Will+ rMut rCorr}
rElec    +         Harm     .   G - +2 cloak {Will+}
rCorr    +         Rampage  .   (gloves currently unavailable)
rMut     +                      (boots currently unavailable)
Will     +++++                  e - amulet of the acrobat
Stlth    +++.......             n - ring of willpower
HPRegen  0.49/turn              M - +6 ring of dexterity
MPRegen  0.24/turn

@: statue-form, corroded, unable to read, studying 2 skills, very slow
A: slow and powerful, torment resistance 1, boosted hp, high mp 1, forlorn,
deterioration 1, inability to read while threatened
}: 2/15 runes: decaying, serpentine
a: End Transformation


You were on level 3 of the Pits of Slime.
You were a living statue of rough stone.
You visited 8 branches of the dungeon, and saw 41 of its levels.

You collected 6729 gold pieces.
You spent 2139 gold pieces at shops.

Inventory:

Missiles
 p - 1353 stones (quivered)
Armour
 c - a +2 pair of gloves (melded)
 j - the -2 hat of the Alchemist (worn) {rElec rPois rF+ rC+ rN+ Will+ rMut rCorr}
   (You bought it in a shop on level 9 of the Dungeon)

   rF:        It protects you from fire.
   rC:        It protects you from cold.
   rElec:     It insulates you from electricity.
   rPois:     It protects you from poison.
   rN:        It protects you from negative energy.
   rCorr:     It protects you from acid and corrosion.
   rMut:      It protects you from mutation.
   Will:      It increases your willpower.
 r - a +1 pair of boots (melded)
 G - a +2 cloak of willpower (worn)
 O - the +6 leather armour of Lesser Demons (melded) {rF+ rN++}
   (You found it on level 4 of the Lair of Beasts)

   rF:        It protects you from fire.
   rN:        It greatly protects you from negative energy.
 V - a +2 kite shield of poison resistance (worn)
Jewellery
 e - an amulet of the acrobat (around neck)
 n - a ring of willpower (left fist)
 w - a ring of poison resistance
 x - a +6 ring of intelligence
 y - a +4 ring of protection
 D - the ring "Cutwa" {rF+++ rC+ rCorr Str-4 Stlth+}
   (You found it on level 3 of the Elven Halls)

   [ring of protection from cold]

   Str:       It affects your strength (-4).
   rF:        It renders you almost immune to fire.
   rC:        It protects you from cold.
   rCorr:     It protects you from acid and corrosion.
   Stlth:     It makes you more stealthy.
 M - a +6 ring of dexterity (right fist)
Wands
 l - a wand of digging (11)
 T - a wand of flame (65)
 W - a wand of iceblast (9)
Scrolls
 h - a scroll of summoning
 k - 4 scrolls of vulnerability
 m - 5 scrolls of magic mapping
 o - 3 scrolls of fog
 s - 2 scrolls of enchant armour
 u - 5 scrolls of amnesia
 v - 5 scrolls of fear
 A - 4 scrolls of torment
 C - 3 scrolls of immolation
 E - a scroll of holy word
 F - a scroll of blinking
 I - a scroll of silence
 U - 4 scrolls of teleportation
 X - a scroll of identify
Potions
 a - 3 potions of cancellation
 b - 21 potions of curing
 d - 5 potions of mutation
 f - 5 potions of heal wounds
 g - 6 potions of haste
 i - 6 potions of brilliance
 q - 4 potions of lignification
 t - 2 potions of berserk rage
 z - 8 potions of attraction
 H - 4 potions of might
 J - 2 potions of resistance
 P - a potion of magic
 Y - 5 potions of ambrosia
Miscellaneous
 B - a phantom mirror
 K - a phial of floods
 L - a condenser vane
 N - a tin of tremorstones (2/2)
 S - a box of beasts
 Z - a lightning rod (4/4)


   Skills:
 + Level 14.3 Fighting
 - Level 4.0 Armour
 + Level 13.9 Dodging
 - Level 5.0 Stealth
 * Level 11.1 Shields
 - Level 22.0 Unarmed Combat
 - Level 6.0 Spellcasting
 - Level 6.0 Necromancy
 - Level 14.0 Transmutations
 - Level 2.2 Ice Magic
 - Level 7.0 Earth Magic


You had 5 spell levels left.
You knew the following spells:

 Your Spells              Type           Power      Damage    Failure   Level
a - Statue Form           Tmut/Erth      43%        N/A       16%         6
c - Ice Form              Ice/Tmut       56%        N/A       2%          4
d - Dragon Form           Tmut           38%        N/A       22%         7
e - Wereblood             Tmut           77%        N/A       1%          2
f - Ozocubu's Armour      Ice            23%        N/A       10%         3
g - Borgnjor's Vile Clut  Necr/Erth      24%        N/A       16%         5

Your spell library contained the following spells:

 Spells                   Type           Power      Damage    Failure   Level
 Beastly Appendage        Tmut           100%       N/A       1%          1
 Spider Form              Tmut/Pois      25%        N/A       1%          3
 Petrify                  Tmut/Erth      65%        N/A       1%          4
 Freeze                   Ice            92%        1d10      3%          1
 Stone Arrow              Conj/Erth      62%        3d10      5%          3
 Animate Dead             Necr           23%        N/A       7%          4
 Magic Dart               Conj           36%        1d4       8%          1
 Shock                    Conj/Air       36%        1d5       8%          1
 Ensorcelled Hibernation  Hex/Ice        32%        N/A       8%          2
 Frozen Ramparts          Ice            46%        1d6       10%         3
 Blink                    Tloc           N/A        N/A       12%         2
 Call Imp                 Summ           9%         N/A       12%         2
 Slow                     Hex            9%         N/A       12%         2
 Yara's Violent Unravell  Hex/Tmut       25%        3d11      12%         5
 Animate Armour           Summ/Erth      62%        N/A       19%         4
 Confusing Touch          Hex            9%         N/A       24%         3
 Gell's Gravitas          Tloc           4%         N/A       24%         3
 Lesser Beckoning         Tloc           4%         N/A       24%         3
 Mephitic Cloud           Conj/Pois/Air  9%         N/A       24%         3
 Summon Guardian Golem    Hex/Summ       9%         N/A       24%         3
 Swiftness                Air            9%         N/A       24%         3
 Teleport Other           Tloc           9%         N/A       24%         3
 Hailstorm                Conj/Ice       16%        3d6       45%         4
 Summon Ice Beast         Ice/Summ       16%        N/A       45%         4
 Airstrike                Air            4%         N/A       61%         4
 Cause Fear               Hex            4%         N/A       61%         4
 Olgreb's Toxic Radiance  Pois           9%         N/A       61%         4
 Summon Lightning Spire   Summ/Air       9%         N/A       61%         4
 Metabolic Englaciation   Hex/Ice        8%         N/A       80%         5
 Lightning Bolt           Conj/Air       4%         1d16      91%         5
 Manifold Assault         Tloc           9%         N/A       91%         5
 Death Channel            Necr           23%        N/A       71%         6
 Simulacrum               Ice/Necr       17%        N/A       92%         6
 Storm Form               Tmut/Air       25%        N/A       98%         7
 Conjure Ball Lightning   Conj/Air       4%         3x3d6     100%        6
 Dispersal                Tloc           4%         N/A       100%        6
 Shadow Creatures         Summ           N/A        N/A       100%        6
 Haunt                    Necr/Summ      13%        N/A       100%        7
 Orb of Destruction       Conj           4%         9d2       100%        7
 Spellforged Servitor     Conj/Summ      4%         N/A       100%        7
 Discord                  Hex            4%         N/A       100%        8
 Disjunction              Tloc           4%         N/A       100%        8
 Lehudib's Crystal Spear  Conj/Erth      15%        10d5      100%        8
 Maxwell's Capacitive Co  Air            4%         ∞         100%        8
 Dragon's Call            Summ           4%         N/A       100%        9


Dungeon Overview and Level Annotations

Branches:
Dungeon (15/15)            Temple (0/1) D:7            Lair (6/6) D:8
  Swamp (4/4) Lair:3        Snake (4/4) Lair:3        Slime (3/5) Lair:6
    Orc (2/2) D:11            Elf (3/3) Orc:2        Vaults (4/5) D:14
  Crypt (0/3) Vaults:3     Depths (0/5) D:15

Shops:
D:7 [   D:9 [   D:12 [   Orc:2 :?*=   Vaults:1 ?   Vaults:4 *

Portals:
Trove: Vaults:1 (give horn of Geryon)

Annotations:
D:5 Edmund
D:8 4 exclusions, Maggie
Swamp:4 Lernaean hydra
Snake:3 5 exclusions, Mara
Elf:2 3 runed translucent doors


Innate Abilities, Weirdness & Mutations

You are a living statue of rough stone.
Your actions are slow, but your melee attacks are powerful.
You are resistant to unholy torment.
Your maximum health is greatly increased.
You are immune to poison.
Your equipment is partially melded.
Your attributes grow dramatically as you level up.
You have an increased reservoir of magic. (+10% MP)
You shall have no god before yourself.
Your body sometimes deteriorates upon taking damage.
You sometimes lose the ability to read scrolls when taking damage.


Message History

You feel threatened and lose the ability to read scrolls!
You are splashed with acid.
You resist.
The rockslime hits you but does no damage.
The acid blob spits acid at you. The splash of acid hits you. You resist.
You are splashed with acid.
You resist. The acid blob spits acid at you.
The splash of acid hits you but does no damage.
You are splashed with acid.
You resist.
There is a stone staircase leading up here.
You block the rockslime's attack. The rockslime hits you!!
You stumble backwards!
You stop ascending the stairs.
A great orb of eyes comes into view.
The acid blob misses you. The rockslime hits you!!
You stumble backwards!
You can read scrolls again.
The acid blob spits acid at you. The splash of acid hits you. You resist.
You are splashed with acid!
You resist. The acid blob spits acid at you.
The splash of acid hits you but does no damage.
You are splashed with acid.
You resist. The rockslime hits you!!
* * * LOW HITPOINT WARNING * * *
You stumble backwards!
There is a stone staircase leading up here.
The rockslime hits you!
* * * LOW HITPOINT WARNING * * *
You stumble backwards!
You stop ascending the stairs.
The great orb of eyes gazes at you. You resist with almost no effort.
The acid blob spits acid at you.
The splash of acid hits you but does no damage.
The acid corrodes you!
You are splashed with acid.
You resist.
* * * LOW HITPOINT WARNING * * *
The rockslime misses you. The rockslime hits you!!
You feel threatened and lose the ability to read scrolls!
* * * LOW HITPOINT WARNING * * *
You stumble backwards!
You stop descending the stairs.
The acid blob spits acid at you. The splash of acid hits you. You resist.
You die...

...........<......#
...................#
..##.....#...<.....#
.#.##...G.#.G......#
....................#
#.......J............
#....J<......#.....
..##..JJ......##....
.....#8.J......# ###.
.................#
............#...##
#..^.##....##..##
..... .........# ....
.#....#.. # ...
.....##.# ... .....#
##


You could see 3 acid blobs, a great orb of eyes, 2 rockslimes and a shining eye.

Vanquished Creatures
  Rupert (Orc:2)
  Asterion (Elf:2)
  A deep elf blademaster (Elf:3)
  An acid blob (Slime:1)
  2 deep elf master archers (Elf:3)
  Kirke (D:13)
  7 sphinxes
  A tengu reaver (Vaults:3)
  A thorn hunter (Swamp:3)
  A storm dragon (Vaults:3)
  A shadow dragon (Vaults:4)
  4 rockslimes
  5 nagarajas (Snake:4)
  A fire giant (Vaults:4)
  3 fenstrider witches (Swamp:3)
  8 deep elf sorcerers
  An azure jelly (Swamp:3)
  12 vault wardens
  8 deep elf elementalists
  Aizul (Snake:3)
  2 orc warlords
  11 ironbound preservers
  8 very ugly things
  2 quicksilver oozes
  8 war gargoyles
  2 entropy weavers (Vaults:2)
  Nessos (Lair:4)
  5 bunyips
  Azrael (D:14)
  9 deep elf demonologists
  8 deep elf annihilators (Elf:3)
  A dire elephant (D:15)
  2 deep elf death magi (Elf:3)
  A crystal guardian (Vaults:4)
  3 eleionomae
  Josephine (D:13)
  2 salamander tyrants (Snake:4)
  3 great orbs of eyes
  3 vault guards
  8 yaktaur captains
  3 deep elf high priests
  A catoblepas (Lair:1)
  13 naga warriors
  10 ironbound thunderhulks
  5 peacekeepers
  11 anacondas
  11 ironbound frosthearts
  23 hydras
  4 boulder beetles
  2 ogre magi
  3 ghost crabs
  11 dancing weapons
  4 centaur warriors
  4 death yaks (Lair:5)
  2 death knights
  20 two-headed ogres
  7 alligators
  3 tengu warriors
  Urug (Orc:2)
  7 shock serpents
  5 ironbound beastmasters
  7 orc high priests
  8 naga sharpshooters
  10 deep elf knights
  Sonja (Lair:3)
  3 salamander mystics
  11 skeletal warriors
  4 goliath frogs
  35 deep trolls
  A glowing orange brain (Vaults:4)
  7 sea snakes
  8 swamp dragons
  3 spriggan druids
  5 naga ritualists
  12 lindwurms
  Pikel (D:7)
  9 wizards
  6 harpies
  26 deep elf pyromancers
  4 bog bodies
  5 necromancers
  12 deep elf archers
  9 orc knights
  12 ironbound convokers
  8 mana vipers
  21 deep elf zephyrmancers
  2 phantasmal warriors
  25 ugly things
  5 orc sorcerers
  A cyclops (D:12)
  An oklob plant (Lair:6)
  2 will-o-the-wisps
  A shining eye (Slime:2)
  A frost giant zombie (Vaults:1)
  24 salamanders
  2 manticores
  17 elephants
  An elf zombie (Vaults:1)
  5 guardian serpents
  3 torpor snails (Lair:6)
  14 naga magi
  41 black mambas
  15 vault sentinels
  A gargoyle (D:12)
  20 cane toads
  A komodo dragon (shapeshifter) (Elf:2)
  6 yaktaurs
  An efreet (D:12)
  A rime drake (shapeshifter) (Elf:1)
  3 freezing wraiths
  11 komodo dragons
  A kobold demonologist (D:10)
  A human zombie (Vaults:1)
  3 trolls
  A troll (shapeshifter) (Elf:1)
  A bloated husk (Swamp:2)
  A queen bee (Lair:4)
  72 slime creatures
  5 hornets
  A polar bear (shapeshifter) (Elf:1)
  8 meliai
  3 tyrant leeches (Swamp:2)
  A wind drake (shapeshifter) (D:12)
  6 polar bears (Lair:6)
  3 dream sheep (Lair:6)
  16 blink frogs
  A vampire (D:11)
  5 redbacks (Vaults:2)
  A tarantella (shapeshifter) (Elf:1)
  5 wraiths
  A wyvern (shapeshifter) (Elf:1)
  15 spriggans
  3 water elementals
  3 wyverns
  A tarantella (Vaults:2)
  3 shadows
  4 fire elementals
  48 yaks
  5 hogs (D:13)
  4 basilisks
  A hog (shapeshifter) (D:12)
  23 swamp worms
  35 nagas
  8 wargs (Orc:2)
  3 acid dragons
  21 water moccasins
  4 hell hounds (D:14)
  7 swamp drakes
  64 orc warriors
  6 black bears
  16 ogres
  12 boggarts
  31 wolves
  18 centaurs
  A lemure (D:6)
  The ghost of paps the Sneak, an amateur OpEn (D:3)
  3 kobold brigands
  13 bullfrogs
  3 earth elementals
  A wyvern zombie (D:8)
  A scorpion (D:4)
  3 wyvern skeletons (D:7)
  4 troll zombies (D:11)
  21 killer bees
  The ghost of emm the Sneak, a weakling DsDe (D:4)
  5 howler monkeys
  8 wights
  8 electric eels
  4 centaur zombies
  8 hounds
  A centaur skeleton (D:6)
  38 orc priests
  Crazy Yiuf (D:2)
  Natasha (thrice) (D:3)
  2 bullfrog skeletons (D:6)
  4 hell rats
  Terence (D:1)
  An iguana (D:6)
  19 orc wizards
  Ijyb (D:3)
  A scorpion zombie (D:5)
  2 killer bee zombies (D:6)
  4 ogre zombies (D:11)
  2 howler monkey zombies
  4 gnolls
  7 adders
  2 shadow imps (D:6)
  A white imp (D:6)
  2 ufetubi
  2 worms
  An adder zombie (D:1)
  2 dart slugs (D:1)
  89 orcs
  3 bats (D:3)
  4 endoplasms
  A giant cockroach (D:3)
  13 hobgoblins
  4 jackals (D:1)
  3 quokkas
  6 ball pythons
  2 frilled lizards
  5 goblins
  A goblin skeleton (D:11)
  2 goblin zombies (D:11)
  2 hobgoblin skeletons (D:11)
  A hobgoblin zombie (D:11)
  19 kobolds
  3 orc skeletons (D:11)
  16 orc zombies (D:11)
  A quokka zombie (D:1)
  3 rats
  2 briar patches (Swamp:3)
  A bush (Lair:6)
1562 creatures vanquished.

Vanquished Creatures (collateral kills)
  A hydra (D:12)
1 creature vanquished.

Vanquished Creatures (others)
  A deep elf elementalist (Elf:3)
  2 bloated husks
  An air elemental (Elf:2)
  A water elemental (Elf:2)
  A centaur simulacrum (D:12)
  A swamp worm (Swamp:3)
  A boggart (D:14)
  A centaur (D:15)
  2 bushes (Elf:2)
  10 foxfires
  46 fungi
  92 plants
159 creatures vanquished.

Grand Total: 1722 creatures vanquished

Notes
Turn   | Place    | Note
-------+----------+-------------------------------------------
     0 | D:1      | sefie the Demigod Transmuter began the quest for the Orb.
     0 | D:1      | Reached XP level 1. HP: 15/15 MP: 5/5
   665 | D:1      | Reached XP level 2. HP: 19/22 MP: 5/7
  1564 | D:2      | Reached XP level 3. HP: 23/27 MP: 8/8
  1569 | D:2      | Learned a level 3 spell: Spider Form
  1672 | D:2      | Noticed Terence
  1913 | D:1      | Killed Terence
  2446 | D:2      | Reached XP level 4. HP: 9/34 MP: 6/9
  2854 | D:2      | Found a runed translucent door.
  2855 | D:2      | Noticed Crazy Yiuf
  2922 | D:3      | Found a runed translucent door.
  2922 | D:3      | Noticed paps's ghost (amateur OpEn)
  2965 | D:3      | Reached skill level 3 in Unarmed Combat
  3762 | D:4      | Found a runed translucent gate.
  3762 | D:4      | Found a runed translucent gate.
  3762 | D:4      | Found a runed translucent gate.
  3779 | D:4      | Noticed emm's ghost (weakling DsDe)
  3875 | D:4      | Noticed an ogre
  3877 | D:4      | Noticed an ogre
  3900 | D:4      | Killed an ogre
  3901 | D:4      | Reached skill level 1 in Fighting
  3901 | D:4      | Reached skill level 4 in Unarmed Combat
  3901 | D:4      | Reached XP level 5. HP: 22/40 MP: 8/10
  4222 | D:3      | Noticed Natasha
  4243 | D:3      | Noticed a black bear
  4349 | D:3      | Killed Natasha
  4502 | D:3      | Noticed Natasha
  4855 | D:3      | Noticed Ijyb
  5055 | D:4      | Killed an ogre
  5056 | D:4      | Reached skill level 5 in Unarmed Combat
  5056 | D:4      | Reached XP level 6. HP: 47/47 MP: 7/11
  5845 | D:5      | Entered Level 5 of the Dungeon
  5845 | D:5      | Noticed Edmund
  5969 | D:3      | Learned a level 4 spell: Ice Form
  6452 | D:6      | Noticed a yak
  6452 | D:6      | Noticed a yak
  6452 | D:6      | Noticed a yak
  6452 | D:6      | Noticed a yak
  6506 | D:5      | Killed a yak
  6507 | D:5      | Reached skill level 6 in Unarmed Combat
  6507 | D:5      | Reached XP level 7. HP: 30/55 MP: 10/13
  7441 | D:6      | Reached skill level 7 in Unarmed Combat
  7641 | D:6      | Killed a yak
  7728 | D:6      | Killed a yak
  7729 | D:6      | Reached skill level 1 in Stealth
  7729 | D:6      | Reached XP level 8. HP: 58/63 MP: 10/14
  7741 | D:6      | Reached skill level 5 in Transmutations
  8426 | D:7      | Found Xaschimus's Armour Shop.
  9720 | D:7      | Reached skill level 1 in Ice Magic
 10123 | D:7      | Found a staircase to the Ecumenical Temple.
 10179 | D:7      | Noticed Pikel
 10235 | D:8      | Noticed Maggie
 10809 | D:8      | Reached XP level 9. HP: 69/69 MP: 9/16
 11031 | D:8      | Reached skill level 1 in Shields
 11416 | D:8      | Identified the -1 kite shield "Qidasooj" {rPois Int+4 Dex-5
                  | Slay+5}
 11894 | D:9      | Noticed a two-headed ogre
 12045 | D:9      | Reached skill level 8 in Unarmed Combat
 12610 | D:9      | Found Dihehoisuck's Armour Shoppe.
 12847 | D:10     | Entered Level 10 of the Dungeon
 13150 | D:10     | Reached skill level 9 in Unarmed Combat
 13289 | D:10     | Noticed a kobold demonologist
 13298 | D:10     | Killed a kobold demonologist
 13427 | D:10     | Noticed a two-headed ogre
 13951 | D:8      | Reached XP level 10. HP: 71/80 MP: 15/17
 14109 | D:8      | Found a staircase to the Lair.
 14657 | Lair:1   | Entered Level 1 of the Lair of Beasts
 14703 | D:8      | Reached skill level 5 in Dodging
 15213 | D:8      | Reached skill level 5 in Fighting
 16218 | Lair:1   | Reached skill level 10 in Unarmed Combat
 16452 | Lair:1   | Noticed a catoblepas
 16476 | Lair:1   | Noticed an eight-headed hydra
 16684 | Lair:2   | Reached XP level 11. HP: 89/89 MP: 14/19
 16912 | Lair:2   | Got the Reference Book on Displaced Weightlessness
 17278 | Lair:2   | Reached skill level 11 in Unarmed Combat
 17403 | Lair:2   | Noticed a seven-headed hydra
 17469 | Lair:3   | Found a staircase to the Snake Pit.
 17548 | Lair:3   | Noticed Sonja
 17554 | Lair:3   | Killed Sonja
 17713 | Lair:3   | Noticed a six-headed hydra
 17736 | Lair:2   | HP: 3/106 [seven-headed hydra (14)]
 18765 | Lair:3   | Noticed a bog body
 18778 | Lair:3   | Killed a bog body
 19236 | Lair:3   | Noticed a four-headed hydra
 19267 | Lair:3   | Reached skill level 12 in Unarmed Combat
 19676 | Lair:4   | Identified the +6 leather armour of Lesser Demons {rF+
                  | rN++}
 20039 | Lair:4   | Noticed Nessos
 20261 | Lair:5   | Reached XP level 12. HP: 93/97 MP: 20/20
 21209 | Lair:4   | Reached skill level 5 in Stealth
 21650 | D:3      | Killed Natasha
 21659 | D:3      | Killed paps's ghost
 21668 | D:3      | Noticed Natasha
 21676 | D:3      | Killed Natasha
 21727 | D:3      | Killed Ijyb
 21802 | D:2      | Killed Crazy Yiuf
 22103 | D:4      | Killed emm's ghost
 22721 | D:7      | Killed Pikel
 23282 | D:10     | Identified the +1 hunting sling of the Extremes {freeze,
                  | rC+}
 23874 | D:11     | Noticed a boulder beetle
 23906 | D:11     | Killed a boulder beetle
 24532 | D:11     | Found a staircase to the Orcish Mines.
 24660 | D:11     | Noticed a boulder beetle
 24696 | D:11     | Killed a boulder beetle
 25179 | Orc:1    | Entered Level 1 of the Orcish Mines
 26201 | Orc:1    | Reached skill level 13 in Unarmed Combat
 26893 | Orc:1    | Reached XP level 13. HP: 54/108 MP: 22/22
 27164 | Orc:2    | Entered Level 2 of the Orcish Mines
 27836 | Orc:2    | Noticed Rupert
 27855 | Orc:2    | Found Hucizew's Book Emporium.
 28100 | Orc:2    | Noticed an orc warlord
 28129 | Orc:2    | Noticed Urug
 29121 | Orc:2    | Found Cuabocse's Jewellery Emporium.
 29160 | Orc:2    | Reached skill level 14 in Unarmed Combat
 29354 | Orc:2    | Found Atzone's Assorted Antiques.
 29389 | Orc:2    | Bought a scroll labelled DYMELY AWAMIQE for 18 gold pieces
 29389 | Orc:2    | Bought a scroll of identify for 36 gold pieces
 29953 | D:12     | Found Puryzit's Antique Armour Emporium.
 30134 | D:12     | You fall into a shaft and drop 1 floor!
 30158 | D:13     | Noticed Josephine
 31270 | D:12     | Identified a scroll of acquirement
 31271 | D:12     | Acquired a book of the Dragon
 31281 | D:12     | Learned a level 7 spell: Dragon Form
 32433 | D:13     | Killed Josephine
 32434 | D:13     | Reached skill level 5 in Spellcasting
 32773 | D:13     | Noticed Kirke
 33199 | D:13     | Reached skill level 10 in Dodging
 33199 | D:13     | Reached skill level 10 in Transmutations
 33635 | D:13     | Killed Kirke
 34024 | D:14     | Reached XP level 14. HP: 75/118 MP: 25/25
 35138 | Lair:3   | Found a staircase to the Swamp.
 35829 | Lair:5   | Identified the -2 pair of boots of Bitterness {rF+ Int+4}
 36675 | Lair:6   | Entered Level 6 of the Lair of Beasts
 36840 | Lair:6   | Found a staircase to the Slime Pits.
 37733 | Lair:6   | Reached skill level 10 in Fighting
 39204 | Swamp:1  | Entered Level 1 of the Swamp
 39924 | Swamp:1  | Identified the +3 buckler of Carved Freedom {Harm rF- rC+
                  | Int+3}
 40318 | Swamp:1  | Reached XP level 15. HP: 126/126 MP: 19/26
 41044 | Swamp:3  | Noticed a thorn hunter
 41054 | Swamp:3  | Killed a thorn hunter
 41582 | Swamp:3  | Reached skill level 15 in Unarmed Combat
 41582 | Swamp:3  | Noticed a fenstrider witch
 41861 | Swamp:2  | Upgraded the game from 0.27.0-1-g7a089689b8 to
                  | 0.27.0-65-ge2af304b15
 42119 | Swamp:2  | Got Sif Muna's Tome of Summoning and Poison
 42345 | Swamp:2  | Learned a level 2 spell: Wereblood
 42349 | Swamp:2  | Learned a level 3 spell: Ozocubu's Armour
 42838 | Swamp:3  | Reached skill level 1 in Armour
 42866 | Swamp:3  | Noticed an azure jelly
 42886 | Swamp:3  | Killed an azure jelly
 43173 | Swamp:3  | Killed a fenstrider witch
 43282 | Swamp:3  | Noticed a fenstrider witch
 43286 | Swamp:3  | Killed a fenstrider witch
 43294 | Swamp:3  | Learned a level 6 spell: Statue Form
 43399 | Swamp:3  | Reached skill level 1 in Earth Magic
 43563 | Swamp:3  | Noticed a fenstrider witch
 43572 | Swamp:3  | Killed a fenstrider witch
 44486 | Lair:4   | Your ally died
 45343 | Snake:1  | Entered Level 1 of the Snake Pit
 46609 | Snake:1  | Identified the +9 war axe of Puni {vorpal, rC+ SInv}
 46864 | Snake:1  | Reached XP level 16. HP: 134/134 MP: 21/29
 47044 | Snake:1  | Reached skill level 16 in Unarmed Combat
 47992 | Snake:2  | Reached skill level 5 in Earth Magic
 49222 | Snake:3  | Noticed Aizul
 49231 | Snake:3  | Killed Aizul
 49495 | Snake:3  | Noticed Mara
 50490 | Orc:2    | Reached skill level 17 in Unarmed Combat
 50560 | Orc:2    | Killed Rupert
 50606 | Orc:2    | Killed Urug
 51378 | Orc:2    | Found a staircase to the Elven Halls.
 51757 | Orc:2    | Found Kagges's Magic Scroll Shop.
 51765 | Orc:2    | Bought a scroll of fog for 26 gold pieces
 51765 | Orc:2    | Bought a scroll of magic mapping for 45 gold pieces
 51765 | Orc:2    | Bought a scroll of identify for 26 gold pieces
 51765 | Orc:2    | Bought a scroll of identify for 26 gold pieces
 51765 | Orc:2    | Bought a scroll of identify for 26 gold pieces
 51765 | Orc:2    | Bought a scroll of identify for 26 gold pieces
 52566 | D:14     | Noticed Azrael
 52577 | D:14     | Killed Azrael
 52637 | D:14     | Found a gate to the Vaults.
 53183 | D:15     | Entered Level 15 of the Dungeon
 53482 | D:15     | Found a staircase to the Depths.
 53495 | D:15     | Reached XP level 17. HP: 146/146 MP: 25/30
 54682 | Swamp:4  | Entered Level 4 of the Swamp
 55126 | Swamp:4  | Learned a level 5 spell: Borgnjor's Vile Clutch
 55200 | Swamp:4  | Reached skill level 1 in Necromancy
 55495 | Swamp:4  | Noticed the 27-headed Lernaean hydra
 56104 | Swamp:4  | Got a decaying rune of Zot
 56493 | Vaults:1 | Entered Level 1 of the Vaults
 56510 | Vaults:1 | Found Feshreag's Magic Scroll Shoppe.
 56524 | Vaults:1 | Bought a scroll of teleportation for 54 gold pieces
 56524 | Vaults:1 | Bought a scroll of acquirement for 936 gold pieces
 56531 | Vaults:1 | Acquired 785 gold pieces
 56683 | Vaults:1 | Reached skill level 5 in Necromancy
 57988 | Vaults:1 | Found a portal to a secret trove of treasure.
 58360 | D:9      | Bought a +0 cloak of willpower for 126 gold pieces
 59126 | Vaults:2 | Reached skill level 18 in Unarmed Combat
 59749 | Vaults:2 | Reached XP level 18. HP: 154/154 MP: 27/31
 61093 | Vaults:3 | Reached skill level 19 in Unarmed Combat
 61784 | Vaults:3 | Found a staircase to the Crypt.
 62727 | Vaults:3 | Reached skill level 20 in Unarmed Combat
 63256 | Vaults:3 | Acquired 357 gold pieces
 63522 | Vaults:4 | Reached XP level 19. HP: 166/166 MP: 22/32
 65389 | Vaults:4 | Found Eppiasue's Assorted Antiques.
 65396 | Vaults:4 | Bought a scroll of teleportation for 81 gold pieces
 66359 | Snake:4  | Entered Level 4 of the Snake Pit
 66748 | Snake:4  | Reached skill level 5 in Shields
 67543 | Snake:4  | Reached skill level 21 in Unarmed Combat
 69341 | D:9      | Bought the -2 hat of the Alchemist {rElec rPois rF+ rC+ rN+
                  | Will+ rMut rCorr} for 519 gold pieces
 69341 | D:9      | Found the -2 hat of the Alchemist {rElec rPois rF+ rC+ rN+
                  | Will+ rMut rCorr}
 69707 | Snake:4  | Got a serpentine rune of Zot
 70106 | Elf:1    | Entered Level 1 of the Elven Halls
 70117 | Elf:1    | Reached XP level 20. HP: 174/174 MP: 19/33
 70878 | Elf:1    | Acquired 864 gold pieces
 72175 | Elf:2    | Gained mutation: Your body sometimes deteriorates upon
                  | taking damage. [mutagenic glow]
 72185 | Elf:2    | Gained mutation: You sometimes lose the ability to read
                  | scrolls when taking damage. [mutagenic glow]
 72835 | Elf:2    | Found a runed translucent gate.
 72836 | Elf:2    | Found a runed translucent gate.
 72836 | Elf:2    | Found a runed translucent gate.
 72924 | Elf:2    | Noticed Asterion
 72944 | Elf:2    | Killed Asterion
 73089 | Elf:3    | Entered Level 3 of the Elven Halls
 74403 | Elf:3    | Identified the +8 glaive of Yredelemnul's Envy {flame,
                  | Will+ Dex+3 Stlth+}
 74425 | Elf:3    | Reached skill level 22 in Unarmed Combat
 74533 | Elf:3    | Identified the +0 scale mail "Kajat" {rC+}
 74997 | Elf:3    | Identified the +10 morningstar of Rokhaj {vorpal, Str+2}
 75468 | Elf:3    | Identified the +5 halberd "Anocryul" {spect, rF+}
 75468 | Elf:3    | Identified the +3 leather armour "Isugoi" {Int+5}
 75542 | Elf:3    | Reached skill level 10 in Shields
 75714 | Elf:3    | Identified the ring "Cutwa" {rF+++ rC+ rCorr Str-4 Stlth+}
 76370 | Orc:2    | Bought a scroll of torment for 97 gold pieces
 76370 | Orc:2    | Bought a scroll of torment for 97 gold pieces
 76611 | Slime:1  | Entered Level 1 of the Pits of Slime
 76659 | Slime:1  | Reached XP level 21. HP: 156/182 MP: 35/35
 77310 | Slime:3  | HP: 2/236 [rockslime (31)]
 77310 | Slime:3  | Killed from afar by an acid blob

Illustrated notes

Levels and vault maps discovered:
D:1:      saegor_arrival_fortress, layout_loops_ring
D:2:      layout_rooms, minmay_misc_feat_diagonals, corexii_leaking_fountain,
          hangedman_decor_riveting, uniq_terence, uniq_crazy_yiuf_cottage
D:3:      layout_rooms, amcnicky_altar_gilded, ebering_ghost_sewer_d,
          minmay_pentomino_pile, uniq_natasha, uniq_ijyb
D:4:      layout_basic, gammafunk_ghost_split, minmay_misc_feat_pillars
D:5:      layout_rooms, kennysheep_generic_room_9, uniq_edmund
D:6:      layout_cave_pods
D:7:      layout_basic, gammafunk_temple_overflow_elements,
          minmay_temple_entry_slanted, serial_shops, nicolae_shop_trees,
          chequers_serial_rivers_micro_b, uniq_pikel
D:8:      layout_loops_corners, erik_lair_island, uniq_maggie
D:9:      kennysheep_blocky_hall, layout_basic, marbit_many_paths, serial_shops,
          nicolae_diamond_shop, nicolae_underground_beach
D:10:     layout_loops_ring, enter_bailey_8
D:11:     layout_basic, zombieorc2_lemuel
D:12:     minmay_blocky_corners, layout_loops_ring, serial_shops, shop
D:13:     layout_layer_cave, minivault_24, uniq_josephine, uniq_kirke
D:14:     layout_loops_ring, erik_vaults_1, water_maze_lemuel, uniq_azrael
D:15:     hangedman_depths_entry_try_elsewhere_first, layout_gridville,
          hangedman_decor_push
Lair:1:   layout_small_grid, serial_forest, infiniplex_forest_fountain,
          infiniplex_forest_lined_corner, infiniplex_forest_straight_1,
          infiniplex_forest_lined_2, infiniplex_forest_end_3,
          infiniplex_forest_clump_double, infiniplex_forest_lined_room_2
Lair:2:   layout_roguey
Lair:3:   wad_woods_04, layout_regular_city,
          nicolae_swamp_entry_splash_gauntlet, infiniplex_staircase_pool_2,
          uniq_sonja
Lair:4:   layout_roguey [special_room_bee], grunt_megastairs_5, uniq_nessos
Lair:5:   layout_loops_ring, serial_bayou_pond_e, small_statue_intersection,
          minivault_27, nzn_sisyphean_effort
Lair:6:   minmay_lair_end_enchanted_forest, layout_hall_layers, slime_dummy,
          minmay_lair_oklob_bushes, pond, lemuel_fruit_fields
Swamp:1:  layout_falls_marsh, hangedman_swamp_ruin_wall
Swamp:2:  layout_basic_swamp, nicolae_swamp_bean_lake, nicolae_swamp_snake_nest
Swamp:3:  layout_basic_swamp, portal_ice_cave_entry_frozen_things,
          evilmike_swamp_ruin_house_4
Swamp:4:  swamp_old_school, layout_basic_swamp, nicolae_swamp_some_circles
Snake:1:  layout_onion_interference, serial_bayou_crossing
Snake:2:  layout_chambers, serial_bayou, serial_bayou_lake_a,
          serial_bayou_pond_e, serial_bayou_pond_d, serial_bayou_pond_d,
          serial_bayou_shore_a
Snake:3:  layout_chambers, uniq_aizul, uniq_mara
Snake:4:  grunt_snake_rune_pools, layout_gridlike, grunt_megastairs_4
Slime:1:  layout_caves
Slime:2:  layout_caves, cheibrodos_slime_lost_civilization_5
Slime:3:  layout_caves
Orc:1:    layout_caves, basic_altar
Orc:2:    pubby_orc_utopia, uniq_urug, uniq_rupert
Elf:1:    elf_arrival_002, layout_onion_city, minivault_28, drop_trap,
          nicolae_elf_shapeshifter_party
Elf:2:    elven_hall_of_blades_hangedman_original [nicolae_blade_tridents],
          layout_geoelf_diagonals, special_room [special_room_orc],
          uniq_saint_roka, uniq_asterion
Elf:3:    minmay_elf_hall_quartered_circle, layout_loops_ring,
          minmay_misc_feat_five
Vaults:1: v_alt_pattern_1, ontoclasm_vaults_eye, nicolae_vaults_network_star,
          hangedman_vaults_snaps, v_alt_pattern_6, hangedman_vaults_nails,
          vaults_room_door_hall, vaults_dpeg_hooks, ontoclasm_vaults_twist,
          layout_vaults_omnigrid, enter_trove_3, serial_shops, shop
Vaults:2: grunt_vaults_hallway_long, ontoclasm_vaults_fault,
          hangedman_vaults_nodes, hangedman_vaults_stretched_pinwheel,
          nicolae_vaults_network_s, nicolae_vaults_network_quinsquares
          [nicolae_vaults_network_quincunx_subvault,
          nicolae_vaults_network_quincunx_subvault,
          nicolae_vaults_network_quincunx_subvault,
          nicolae_vaults_network_quincunx_subvault],
          nicolae_vaults_windows_and_doors_thing, vaults_dpeg_diagonal,
          nicolae_vaults_rhombus_6, vaults_room_hangedman_quadrants,
          layout_vaults_omnicross
Vaults:3: nicolae_vaults_sealed_display, minmay_crypt_entry_simple_round,
          v_misc_29, v_alt_pattern_6, vaults_standard_mumra_enter_the_diamond,
          hangedman_vaults_stretched_pinwheel, v_misc_5,
          nicolae_vaults_border_crossing, st_lattice, nicolae_vaults_asterisk,
          layout_vaults_big_room
Vaults:4: nicolae_vaults_bisected_slash, dpeg_vaults_monster_row,
          ontoclasm_vaults_spin, nicolae_vaults_minivaults, v_alt_pattern_3,
          nicolae_vaults_mini_display_case, vaults_room_door_ring, v_pattern_4,
          layout_vaults_maze_bifur, serial_shops,
          nicolae_shop_overgrown_old_shop

Skill      XL: |  1  2  3  4  5  6  7  8  9 10 11 12 13 14 15 16 17 18 19 20 21 |
---------------+----------------------------------------------------------------+-----
Transmutations | 2 3 4 6 7 9 10 13 14 | 14.0
Unarmed Combat | 4 5 6 7 9 10 12 13 14 15 17 18 20 21 22 | 22.0
Fighting       | 1 2 3 4 5 6 8 9 10 12 13 14 | 14.3
Spellcasting   | 2 3 4 5 6 |  6.0
Dodging        | 2 4 6 7 8 10 11 12 13 | 13.9
Stealth        | 1 2 4 5 |  5.0
Ice Magic      | 2 |  2.2
Shields        | 3 4 6 10 11 | 11.1
Armour         | 4 |  4.0
Earth Magic    | 4 6 7 |  7.0
Necromancy     | 6 |  6.0

Action                   |  1- 3 |  4- 6 |  7- 9 | 10-12 | 13-15 | 16-18 | 19-21 || total
-------------------------+-------+-------+-------+-------+-------+-------+-------++-------
Melee: Unarmed           |    81 |   121 |   319 |   726 |  1184 |  1166 |  1077 ||  4674
       Kick              |    11 |     8 |    46 |    15 |     4 |       |       ||    84
       Headbutt          |     4 |    11 |    29 |    11 |     3 |       |       ||    58
       Punch             |       |       |     5 |       |    11 |    48 |     9 ||    73
       Tailslap          |       |       |       |       |    23 |    64 |     9 ||    96
       Bite              |       |       |       |       |    16 |    51 |    10 ||    77
Throw: Stone             |       |     4 |     6 |     2 |       |     2 |    20 ||    34
       Dart              |       |       |    16 |       |       |       |       ||    16
 Cast: Beastly Appendage |    15 |    14 |    29 |     6 |     1 |       |       ||    65
       Spider Form       |     6 |    15 |    27 |    40 |    43 |       |       ||   131
       Ice Form          |       |       |     4 |    58 |    72 |    22 |    10 ||   166
       Dragon Form       |       |       |       |       |    23 |    39 |    11 ||    73
       Statue Form       |       |       |       |       |     7 |    58 |    55 ||   120
       Wereblood         |       |       |       |       |     7 |    44 |    16 ||    67
       Ozocubu's Armour  |       |       |       |       |     1 |     9 |     1 ||    11
       Borgnjor's Vile C |       |       |       |       |       |       |    17 ||    17
 Abil: End Transformatio |       |       |     3 |     7 |     4 |     2 |    24 ||    40
       Breathe Fire      |       |       |       |       |    18 |    11 |     2 ||    31
Evoke: Wand              |       |       |     7 |     4 |    12 |       |       ||    23
       Phial of floods   |       |       |       |       |     2 |       |       ||     2
       Box of beasts     |       |       |       |       |     2 |       |       ||     2
  Use: Scroll            |       |       |    12 |     3 |    17 |    14 |     7 ||    53
       Potion            |       |       |       |     1 |     8 |     7 |     4 ||    20
 Stab: Sleeping          |       |     3 |       |    12 |     4 |     7 |     3 ||    29
       Distracted        |       |       |       |     3 |     1 |     2 |       ||     6
       Betrayed ally     |       |       |       |       |     1 |       |       ||     1
       Paralysed         |       |       |       |       |       |     2 |       ||     2
Armor: Robe              |     3 |     7 |       |       |       |       |       ||    10
       Skin              |     2 |     1 |    19 |    85 |   333 |   520 |   301 ||  1261
       Leather armour    |       |       |    30 |    11 |     3 |     5 |    22 ||    71
Dodge: Dodged            |    47 |   119 |   263 |   561 |  1377 |  1194 |   985 ||  4546
Block: Buckler           |       |       |    24 |    31 |   114 |   298 |   125 ||   592
       Reflection        |       |       |       |       |     3 |    16 |    17 ||    36
       Kite shield       |       |       |       |       |       |       |   470 ||   470
